 Dungeon Crawl Stone Soup version 0.30-a0-722-g3e6e8c874d (webtiles) character file.

Game seed: 4172023143192207548

1498984 PyroL the Petrodigitator (level 26, 155/184 HPs)
             Began as a Gargoyle Earth Elementalist on Jan 27, 2023.
             Was the Champion of Vehumet.
             Escaped with the Orb
             ... and 3 runes!
             The game lasted 04:00:48 (81669 turns).

PyroL the Petrodigitator (GrEE)                    Turns: 81669, Time: 04:00:48

Health: 155/184    AC: 34    Str: 18    XL:     26   Next: 29%
Magic:  42/42      EV: 12    Int: 37    God:    Vehumet [******]
Gold:   6182       SH: 10    Dex:  9    Spells: 8/65 levels left

rFire   + + .      SeeInvis +    q - +5 trident of Plunder {distort, rF+}
rCold   + + +      Faith    .    C - +2 kite shield {rN+}
rNeg    + + .      Spirit   .    Q - +4 skin of Zhor {*Englaciate rC+++ SInv}
rPois   ∞          Reflect  .    (no helmet)
rElec   +          Harm     .    T - +2 cloak {Will+}
rCorr   +          Rampage  .    R - +1 pair of gloves "Duengar" {Regen+}
Will    +....      Clarity  +    D - +2 pair of boots {Stlth+}
Stlth   +                        Y - amulet of regeneration
HPRegen 2.10/turn                r - +6 ring of intelligence
MPRegen 0.28/turn                c - +6 ring of intelligence

@: mighty, brilliant, resistant, weak-willed, attractive, flying, hasted,
studying Ice Magic, invisible, very quick
A: sickness immunity, AC +20, big wings, negative energy resistance 1,
electricity resistance, torment resistance 1, petrification resistance, clarity,
low MP 1, robust 1, strong 1
0: Orb of Zot
}: 3/15 runes: decaying, silver, gossamer
a: Renounce Religion


You escaped.
You worshipped Vehumet.
Vehumet was exalted by your worship.
You visited 9 branches of the dungeon, and saw 45 of its levels.
You visited the Abyss 1 time.

You collected 7572 gold pieces.
You spent 1390 gold pieces at shops.

Inventory:

Hand Weapons
 q - the +5 trident of Plunder (weapon) {distort, rF+}
   (You took it off an orc on level 3 of the Dungeon)

   rF:        It protects you from fire.
 M - the +3 great mace of Watchfulness {speed, rPois rN+ Will+ MP+9}
   (You found it on level 11 of the Dungeon)

   rPois:     It protects you from poison.
   rN:        It protects you from negative energy.
   MP:        It affects your magic capacity (+9).
   Will:      It increases your willpower.
Missiles
 W - a silver javelin
Armour
 u - a +2 helmet of intelligence
 C - a +2 kite shield of positive energy (worn)
 D - a +2 pair of boots of stealth (worn)
 Q - the +4 skin of Zhor (worn) {*Englaciate rC+++ SInv}
   (You found it on level 1 of the Lair of Beasts)

   *Englaciate: It radiates cold, occasionally slowing all nearby creatures who
   are not resistant to cold.
   rC:        It renders you almost immune to cold.
   SInv:      It lets you see invisible.
 R - the +1 pair of gloves "Duengar" (worn) {Regen+}
   (You bought it in a shop on level 2 of the Orcish Mines)

   Regen:     It increases your rate of health regeneration.
 T - a +2 cloak of willpower (worn)
 Z - the +3 robe of Lust {Will+ Int+3}
   (You found it on level 3 of the Vaults)

   Int:       It affects your intelligence (+3).
   Will:      It increases your willpower.
Jewellery
 c - a +6 ring of intelligence (right hand)
 r - a +6 ring of intelligence (left hand)
 y - a +4 ring of protection
 O - a ring of resist corrosion
 U - a ring of fire
 Y - an amulet of regeneration (around neck)
Wands
 f - a wand of iceblast (76)
 x - a wand of polymorph (40)
 F - a wand of charming (54)
 G - a wand of flame (142)
 H - a wand of mindburst (37)
 J - a wand of digging (28)
 V - a wand of quicksilver (10)
Scrolls
 a - 9 scrolls of vulnerability
 e - 8 scrolls of fear
 g - a scroll of silence
 j - 20 scrolls of teleportation
 k - 4 scrolls of immolation
 l - 18 scrolls of poison
 n - 5 scrolls of torment
 o - 4 scrolls of enchant weapon
 A - 6 scrolls of fog
 E - 3 scrolls of summoning
 S - 5 scrolls of amnesia
Potions
 b - 6 potions of magic
 d - 6 potions of berserk rage
 h - 4 potions of haste
 m - 24 potions of curing
 s - 6 potions of might
 v - 3 potions of cancellation
 z - a potion of brilliance
 I - 13 potions of heal wounds
 K - 3 potions of resistance
 L - 8 potions of lignification
 N - 6 potions of attraction
 P - 10 potions of ambrosia
Miscellaneous
 p - a lightning rod (4/4)
 w - a tin of tremorstones (2/2)


   Skills:
 - Level 18.0 Fighting
 - Level 10.0 Throwing
 - Level 8.0 Dodging
 - Level 2.1 Stealth
 - Level 5.0 Shields
 + Level 20.4 Spellcasting
 + Level 25.7 Conjurations
 - Level 5.0 Summonings
 - Level 0.7 Transmutations
 O Level 27 Earth Magic
 - Level 10.0 Evocations


You had 8 spell levels left.
You knew the following spells:

 Your Spells              Type           Power      Damage    Failure   Level
a - Sandblast             Erth           100%       2d20      0%          1
b - Passwall              Tmut/Erth      99%        N/A       0%          2
c - Stone Arrow           Conj/Erth      100%       3d13      0%          3
d - Arcjolt               Conj/Air       57%        1d67      1%          5
e - Fulminant Prism       Conj/Hex       57%        3d24      1%          4
f - Iron Shot             Conj/Erth      74%        9d14      0%          6
g - Fireball              Conj/Fire      57%        3d22      1%          5
h - Irradiate             Conj/Tmut      58%        3d31      1%          5
i - Lehudib's Crystal Sp  Conj/Erth      74%        10d17     1%          8
j - Spellforged Servitor  Conj/Summ      61%        N/A       1%          7
k - Shatter               Erth           75%        3d55*     1%          9
B - Blink                 Tloc           100%       N/A       3%          2

Your spell library contained the following spells:

 Spells                   Type           Power      Damage    Failure   Level
 Chain Lightning          Conj/Air       57%        3d76      92%         9
 Fire Storm               Conj/Fire      57%        8d15      92%         9
 Kiss of Death            Conj/Necr      100%       2d13      0%          1
 Momentum Strike          Conj/Tloc      100%       3d10      0%          2
 Static Discharge         Conj/Air       100%       2-7/arc   0%          2
 Iskenderun's Battlesphe  Conj           100%       2d15      0%          5
 Lee's Rapid Deconstruct  Erth           75%        3d34*     0%          5
 Necrotise                Necr           100%       1d9       1%          1
 Sting                    Tmut/Pois      100%       1d8       1%          1
 Poisonous Vapours        Pois/Air       100%       N/A       1%          2
 Hailstorm                Conj/Ice       100%       3d20      1%          3
 Ignite Poison            Fire/Tmut/Pois 56%        N/A       1%          3
 Kindle Blastsparks       Fire/Tloc/Air  100%       2d18      1%          3
 Animate Armour           Summ/Erth      100%       N/A       1%          4
 Iskenderun's Mystic Bla  Conj/Tloc      100%       2d19      1%          4
 Petrify                  Tmut/Erth      100%       N/A       1%          4
 Sticky Flame             Conj/Fire      100%       2d11      1%          4
 Lightning Bolt           Conj/Air       57%        1d80      1%          5
 Orb of Destruction       Conj           74%        9d17      1%          7
 Summon Guardian Golem    Hex/Summ       71%        N/A       2%          3
 Ensorcelled Hibernation  Hex/Ice        100%       N/A       3%          2
 Lesser Beckoning         Tloc           100%       N/A       3%          2
 Spider Form              Tmut/Pois      57%        N/A       5%          3
 Airstrike                Air            27%        2d(4-20)  5%          4
 Olgreb's Toxic Radiance  Pois           54%        N/A       5%          4
 Confusing Touch          Hex            54%        N/A       6%          3
 Gell's Gravitas          Tloc           54%        N/A       6%          3
 Ozocubu's Armour         Ice            54%        N/A       6%          3
 Portal Projectile        Hex/Tloc       100%       N/A       6%          3
 Teleport Other           Tloc           54%        N/A       6%          3
 Tukima's Dance           Hex            54%        N/A       6%          3
 Vampiric Draining        Necr           54%        2d9       6%          3
 Vhi's Electric Charge    Tloc/Air       100%       N/A       6%          3
 Summon Ice Beast         Ice/Summ       71%        N/A       8%          4
 Summon Lightning Spire   Summ/Air       71%        N/A       8%          4
 Yara's Violent Unravell  Hex/Tmut       28%        3d12      13%         5
 Ice Form                 Ice/Tmut       57%        N/A       19%         4
 Anguish                  Hex/Necr       27%        N/A       21%         4
 Dispel Undead            Necr           54%        3d20      21%         4
 Passage of Golubria      Tloc           54%        N/A       21%         4
 Summon Forest            Summ/Tloc      35%        N/A       21%         5
 Summon Mana Viper        Hex/Summ       71%        N/A       21%         5
 Summon Cactus Giant      Summ           42%        N/A       38%         6
 Blade Hands              Tmut           29%        N/A       41%         5
 Agony                    Necr           54%        N/A       50%         5
 Metabolic Englaciation   Hex/Ice        27%        N/A       50%         5
 Silence                  Hex/Air        27%        N/A       50%         5
 Monstrous Menagerie      Summ           42%        N/A       92%         7
 Death Channel            Necr           27%        N/A       97%         6
 Dispersal                Tloc           27%        N/A       97%         6
 Simulacrum               Ice/Necr       27%        N/A       97%         6
 Malign Gateway           Summ/Tloc      35%        N/A       99%         7
 Enfeeble                 Hex            27%        N/A       100%        7
 Ignition                 Fire           27%        3d9       100%        8
 Maxwell's Capacitive Co  Air            27%        ∞         100%        8
 Cigotuvi's Dreadful Rot  Necr/Pois/Air  Unusable   N/A       N/A         2

Dungeon Overview and Level Annotations

Branches:
Dungeon (15/15)            Temple (1/1) D:7            Lair (5/5) D:8
  Swamp (4/4) Lair:3       Spider (4/4) Lair:3        Slime (0/5) Lair:4
    Orc (2/2) D:11            Elf (0/3) Orc:2        Vaults (5/5) D:14
  Crypt (0/3) Vaults:2     Depths (4/4) D:15            Zot (5/5) Depths:4

Altars:
Ashenzari
Cheibriados
Dithmenos
Elyvilon
Fedhas
Gozag
Hepliaklqana
Kikubaaqudgha
Makhleb
Nemelex Xobeh
Okawaru
Qazlal
Ru
Sif Muna
Trog
Uskayaw
Vehumet
Wu Jian
Xom
Yredelemnul
Zin
The Shining One
Jiyva

Shops:
D:10 *   Orc:1 !   Orc:2 =?([   Vaults:2 !:(   Vaults:3 *   Depths:1 [*=(
Depths:4 (

Portals:
Hell: Depths:1 Depths:2 Depths:3 Depths:4
Abyss: Depths:3 Depths:4
Pandemonium: Depths:1 Depths:2 Depths:4
Ziggurat: Depths:2

Annotations:
Lair:4 3 runed translucent doors, hikkokomori's ghost, journeyman VSFi
Swamp:2 3 runed translucent doors, Fefob's ghost, adept TeWn; Goud's ghost, adept BaIE; Naurph's ghost, adept DjVM
Orc:1 1 runed translucent door
Zot:5 exclusions: 2 Orb Guardians and 5 more exclusions


Innate Abilities, Weirdness & Mutations

You are immune to sickness and miasma.
Your stone body is resilient. (AC +20)
You are immune to poison.
Your large and strong wings let you fly.
You resist negative energy. (rN+)
You are resistant to electric shocks. (rElec)
You are resistant to unholy torment.
You are immune to petrification.
You possess an exceptional clarity of mind.
Your magical capacity is low. (-10% MP)
You are robust. (+10% HP)
Your muscles are strong. (Str +4, Int/Dex -1)


Message History

The antennae on your head shrink away.
You feel clumsy.
You no longer become unable to drink potions after taking damage.
You feel more energetic.
You feel resistant to heat.
You feel stronger.
Really quaff the potion of mutation?
You feel extremely strange.
You feel weaker.
You no longer feel heat resistant.
You feel clever.
You feel your magical essence link to the dungeon's wands.
You feel yourself wasting away.
Really quaff the potion of mutation?
You feel extremely strange.
Your magical essence no longer links to wands of the dungeon.
You feel healthier.
You feel vulnerable to heat.
Your health is already full.
Unknown command.
Really quaff the potion of mutation?
You feel extremely strange.
You no longer feel vulnerable to heat.
You feel strong-willed.
You feel your magical essence link to the dungeon's wands.
Iridescent scales grow over part of your body.
Really quaff the potion of mutation?
You feel extremely strange.
Your iridescent scales disappear.
You no longer feel strong-willed.
Your magical essence no longer links to wands of the dungeon.
You feel less energetic.
You feel clever.
You feel agile.
Really quaff the potion of mutation?
You feel extremely strange.
You feel clumsy.
You feel more energetic.
You feel frail.
Your toenails lengthen and sharpen.
Really quaff the potion of mutation?
You feel extremely strange.
You feel stupid.
You feel robust.
You feel a hidden potential growing inside you.
A pair of horns grows on your head!
Really quaff the potion of mutation?
You feel extremely strange. The horns on your head shrink away.
Your talons dull and shrink into feet.
You no longer feel a hidden potential within.
You feel stronger.
You feel robust.
You feel less energetic.
Your thoughts seem clearer.
You have escaped!

##.#.........................##.#
##.#.........................##.#
##.#.........................##.#
##...........................##.#
######............##.........##.#
# #.#.............#.........#.# #
#.#.........#....#........#.# #
#.#..........##...#..........
#..#........@.....#......#..#
#...#..........[..#......####
#....##.......(..#........>#8 ###
#...#..##......##.........).. ..#
#........######.............. ..#
#....[....................... ..#
#........................).#8 ###
#...................(......##
#..###.#########..#######..#


There were no monsters in sight!

Vanquished Creatures
  An orb of fire (Zot:2)
  A dread lich (Vaults:5)
  A juggernaut (Depths:3)
  A Killer Klown (Zot:5)
  5 curse toes
  11 golden dragons
  Nikola (Spider:3)
  Arachne (Spider:3)
  A bone dragon (Depths:4)
  2 electric golems (Zot:5)
  Jorgrun (Spider:1)
  A walking crystal tome (Depths:3)
  5 Orb Guardians (Zot:5)
  Mlioglotl (Swamp:1)
  15 tentacled monstrosities
  2 liches
  3 quicksilver dragons
  2 titans (Vaults:5)
  A kraken (Abyss:3)
  4 thorn hunters
  6 death cobs
  Agnes (Spider:3)
  Kirke (Spider:1)
  5 sphinxes
  11 tengu reavers
  13 storm dragons
  15 shadow dragons
  7 draconian monks
  4 fenstrider witches (Swamp:4)
  6 frost giants
  8 fire giants
  6 draconian knights
  3 iron dragons
  Aizul (Spider:3)
  8 ghost moths
  12 draconian scorchers
  12 vault wardens
  7 emperor scorpions
  2 cacodemons (Depths:4)
  9 draconian stormcallers
  4 ghouls
  2 draconian shifters
  12 draconian annihilators
  13 ironbound preservers
  4 orc warlords
  2 spriggan defenders (Depths:3)
  A reaper (Depths:4)
  2 broodmothers
  A war gargoyle (Vaults:3)
  14 stone giants
  24 very ugly things
  3 ironbound thunderhulks
  An ophan (Depths:1)
  6 black draconians
  3 vampire knights (Depths:3)
  3 deep elf demonologists (Vaults:5)
  7 green draconians
  A deep elf annihilator (Vaults:5)
  11 yellow draconians
  7 eleionomae
  A lorocyproca (Depths:2)
  7 red draconians
  12 purple draconians
  10 bunyips
  10 spark wasps
  12 dire elephants
  4 blizzard demons
  A green death (Swamp:3)
  8 white draconians
  Snorg (D:11)
  A deep elf death mage (Vaults:5)
  17 ettins
  A crystal guardian (Vaults:3)
  11 yaktaur captains
  3 entropy weavers
  2 deep elf high priests (Vaults:5)
  4 shambling mangroves
  7 great orbs of eyes
  11 fire dragons
  5 rakshasas
  A hell beast (Depths:3)
  6 ice dragons
  5 boulder beetles
  A peacekeeper (Vaults:3)
  11 hydras
  2 jorogumos (Spider:3)
  4 spriggan air magi
  28 vault guards
  2 ghost crabs
  8 ironbound frosthearts
  2 ogre magi (Swamp:4)
  A catoblepas (Lair:5)
  5 radroaches
  8 deep troll shamans
  7 centaur warriors
  13 alligators
  A death scarab (Spider:4)
  4 two-headed ogres
  6 deep troll earth magi
  A hell hog (Abyss:3)
  3 spriggan berserkers
  13 tengu warriors
  2 thrashing horrors (Abyss:3)
  3 orc high priests
  2 vampire magi
  2 sun demons
  15 spriggans
  2 soul eaters
  11 skeletal warriors
  10 hell knights
  5 sixfirhies
  A sun moth (Spider:4)
  A fire crab (Lair:5)
  A wretched star (Abyss:3)
  A fire crab (shapeshifter) (Vaults:5)
  2 glowing orange brains
  9 goliath frogs
  5 large abominations (Abyss:3)
  7 iron trolls
  6 pharaoh ants
  A spark wasp zombie (D:15)
  57 deep trolls
  4 spriggan druids
  4 death drakes
  3 swamp dragons
  3 phantasmal warriors (Vaults:5)
  13 wizards
  A flayed ghost (Depths:2)
  8 orb spiders
  11 bog bodies
  13 ironbound convokers
  A tengu zombie (Vaults:4)
  An obsidian statue (Depths:4)
  9 necromancers
  10 lindwurms
  A deep elf pyromancer (D:14)
  12 harpies
  11 orc knights
  4 steelbarb worms
  5 shining eyes (Depths:1)
  5 orc sorcerers
  47 ugly things
  A manticore (D:14)
  16 wolf spiders
  A shadow dragon skeleton (Depths:1)
  A shining eye (shapeshifter) (Depths:3)
  8 will-o-the-wisps
  2 oklob plants
  3 cyclopes
  4 black mambas
  A fire giant skeleton (Abyss:3)
  18 vault sentinels
  Maurice (D:11)
  A water nymph (shapeshifter) (Vaults:5)
  4 elephants (Lair:5)
  18 moths of wrath
  An eye of devastation (Depths:1)
  8 demonic crawlers
  6 spectral spriggans (Swamp:1)
  3 gargoyles
  11 torpor snails
  12 cane toads
  An eye of devastation (shapeshifter) (Depths:4)
  4 smoke demons
  2 rust devils (Depths:2)
  An unseen horror (D:11)
  An orange demon (Swamp:4)
  Maggie (D:7)
  5 kobold demonologists
  34 yaktaurs
  4 rime drakes
  A yaktaur (shapeshifter) (Vaults:5)
  2 human zombies (Vaults:4)
  4 tengu conjurers
  3 ice devils
  9 komodo dragons
  2 efreet
  6 freezing wraiths
  6 hellwings
  2 trolls
  10 meliai
  2 bloated husks
  10 polar bears
  32 hornets
  A queen bee (Spider:3)
  4 red devils
  8 blink frogs (Lair:1)
  A human skeleton (Vaults:4)
  6 raiju
  17 tarantellas
  14 tyrant leeches
  10 dream sheep
  13 slime creatures
  A dream sheep (shapeshifter) (Vaults:5)
  A frost giant simulacrum (Depths:1)
  The ghost of lambentLogic the Sneak, an amateur KoEn of Hepliaklqana (D:4)
  35 jumping spiders
  Sigmund (D:3)
  A vampire (D:12)
  16 culicivoras
  3 ynoxinuls
  A wraith (D:14)
  3 starcursed masses (Abyss:3)
  3 wyverns
  A hog (Spider:1)
  6 water elementals (Depths:1)
  28 yaks
  3 chaos spawn
  20 humans (D:14)
  6 golden eyes
  2 spriggan simulacra (Depths:1)
  4 neqoxecs
  42 redbacks
  6 basilisks
  13 swamp worms
  7 wargs
  2 acid dragons
  3 glowing shapeshifter zombies
  17 water moccasins
  14 hell hounds
  A floating eye (shapeshifter) (Depths:3)
  A floating eye (Depths:1)
  2 glowing shapeshifter skeletons (Depths:1)
  A swamp drake (Swamp:3)
  A deep troll simulacrum (Vaults:4)
  2 ice beasts
  11 black bears (Lair:5)
  A black bear (shapeshifter) (D:13)
  54 orc warriors
  8 ogres
  13 wolves (Lair:5)
  A small abomination (Abyss:3)
  8 centaurs
  5 kobold brigands
  17 bullfrogs
  2 necrophages
  3 scorpions
  3 wights (D:7)
  41 killer bees
  6 electric eels
  2 howler monkeys
  4 hounds
  3 jellies
  A gnoll bouda (D:6)
  28 orc priests
  Crazy Yiuf (D:3)
  An iron imp (Abyss:3)
  6 iguanas
  30 orc wizards
  A killer bee zombie (D:7)
  2 mummies (D:7)
  4 howler monkey zombies (D:7)
  Robin (D:4)
  8 gnolls
  6 adders
  An adder (shapeshifter) (Vaults:5)
  4 white imps
  An ufetubus (D:6)
  2 dart slugs
  122 orcs
  9 ball pythons
  6 endoplasms
  17 goblins
  8 hobgoblins
  2 quokkas
  4 bats
  2 frilled lizards
  A frilled lizard (shapeshifter) (Depths:4)
  19 kobolds
  2 rats (D:1)
  A bush (Lair:3)
  3 tentacles (Abyss:3)
1946 creatures vanquished.

Vanquished Creatures (collateral kills)
  An ancient lich (Zot:5)
  An orb of fire (Zot:5)
  2 Killer Klowns (Zot:5)
  3 golden dragons
  A quicksilver dragon (Zot:4)
  5 Orb Guardians (Zot:5)
  A death cob (Zot:2)
  A shadow dragon (Abyss:3)
  A storm dragon (Zot:3)
  2 draconian knights
  A draconian stormcaller (Zot:3)
  A green draconian (Zot:1)
  A red draconian (Zot:4)
  2 black draconians
  3 purple draconians
  A white draconian (Zot:1)
  2 yellow draconians (Zot:4)
  An iron troll (Depths:2)
  A moth of wrath (Zot:1)
  2 large abominations (Abyss:3)
  A golden eye (Abyss:3)
  A chaos spawn (Abyss:3)
  2 hell hounds (Abyss:3)
  2 starcursed masses (Abyss:3)
  A small abomination (Abyss:3)
40 creatures vanquished.

Vanquished Creatures (others)
  A draconian monk (Zot:1)
  2 fire giants
  A draconian knight (Zot:1)
  A great orb of eyes (Depths:1)
  A swamp dragon (Swamp:4)
  A bloated husk (Swamp:1)
  A hornet (Swamp:4)
  A spriggan (Swamp:4)
  2 humans (Spider:2)
  A bush (Lair:5)
  16 foxfires
  9 fulminant prisms
  28 fungi
  59 plants
  A tentacle (Abyss:3)
  6 toadstools (Swamp:3)
  4 withered plants (D:15)
135 creatures vanquished.

Grand Total: 2121 creatures vanquished

Notes
Turn   | Place    | Note
-------+----------+-------------------------------------------
     0 | D:1      | PyroL the Gargoyle Earth Elementalist began the quest for
                  | the Orb.
     0 | D:1      | Reached XP level 1. HP: 10/10 MP: 3/3
   174 | D:1      | Reached XP level 2. HP: 15/15 MP: 3/5
   175 | D:1      | Reached skill level 4 in Earth Magic
  1233 | D:2      | Reached XP level 3. HP: 19/19 MP: 7/7
  1432 | D:2      | Identified the +5 chain mail "Ragevyiz" {rPois rF- Str+6
                  | Stlth-}
  1562 | D:2      | Identified the +1 hat of the Game of Kings {Harm Str+4
                  | Int-2 Dex-3}
  1715 | D:3      | Noticed a necrophage
  1724 | D:3      | Killed a necrophage
  1725 | D:3      | Reached skill level 5 in Earth Magic
  1725 | D:3      | Reached XP level 4. HP: 24/24 MP: 9/9
  1962 | D:3      | Reached XP level 5. HP: 28/28 MP: 10/10
  1962 | D:3      | Identified the +5 trident of Plunder {distort, rF+}
  2046 | D:3      | Found a runed translucent door.
  2047 | D:3      | Noticed Crazy Yiuf
  2171 | D:3      | Noticed Sigmund
  2303 | D:3      | Identified the ring "Copiogez" {Str+3 SInv}
  2335 | D:3      | Learned a level 2 spell: Passwall
  2339 | D:3      | Learned a level 3 spell: Stone Arrow
  2343 | D:3      | Found a sparkling altar of Nemelex Xobeh.
  2751 | D:4      | Found a runed translucent door.
  2752 | D:4      | Noticed lambentLogic's ghost (amateur KoEn)
  2767 | D:4      | Noticed Robin
  2791 | D:4      | Killed Robin
  2892 | D:4      | Reached XP level 6. HP: 32/32 MP: 11/11
  3446 | D:3      | Killed Crazy Yiuf
  3540 | D:3      | Killed Sigmund
  3541 | D:3      | Reached skill level 7 in Earth Magic
  3541 | D:3      | Reached XP level 7. HP: 36/36 MP: 13/13
  3603 | D:3      | Found an iron altar of Okawaru.
  3681 | D:5      | Entered Level 5 of the Dungeon
  3884 | D:5      | Reached skill level 8 in Earth Magic
  4138 | D:5      | Reached skill level 9 in Earth Magic
  4612 | D:5      | Reached XP level 8. HP: 37/41 MP: 11/14
  4638 | D:5      | Reached skill level 10 in Earth Magic
  4908 | D:6      | Reached skill level 1 in Fighting
  5173 | D:5      | Reached skill level 5 in Spellcasting
  5479 | D:6      | Found a burning altar of Makhleb.
  5481 | D:6      | Found an opulent altar of Gozag.
  5481 | D:6      | Found a stormy altar of Qazlal.
  5572 | D:6      | Reached skill level 5 in Fighting
  5708 | D:4      | Killed lambentLogic's ghost
  5709 | D:4      | Reached XP level 9. HP: 55/56 MP: 6/16
  5921 | D:7      | Noticed Maggie
  5925 | D:7      | Killed Maggie
  6024 | D:7      | Found a staircase to the Ecumenical Temple.
  6038 | Temple   | Entered the Ecumenical Temple
  6059 | Temple   | Became a worshipper of Vehumet
  6466 | D:7      | Found a basalt altar of Yredelemnul.
  6649 | D:7      | Found a glowing golden altar of the Shining One.
  6832 | D:8      | Found a staircase to the Lair.
  6847 | D:7      | Reached skill level 10 in Fighting
  7314 | D:8      | Found an ancient bone altar of Kikubaaqudgha.
  7341 | D:8      | Reached XP level 10. HP: 68/68 MP: 2/17
  7341 | D:8      | Reached * piety under Vehumet
  7341 | D:8      | Offered knowledge of Foxfire by Vehumet.
  7666 | D:8      | Noticed a two-headed ogre
  7676 | D:8      | Killed a two-headed ogre
  7887 | D:8      | Reached skill level 11 in Earth Magic
  8471 | D:9      | Found a broken altar of Ashenzari.
  8878 | D:10     | Entered Level 10 of the Dungeon
  8937 | D:10     | Got the Grimoire of the Ghastly Sky
  9005 | D:10     | Offered knowledge of Kiss of Death by Vehumet.
  9007 | D:10     | Reached ** piety under Vehumet
  9084 | D:10     | Found Ymitaergh's Elemental Accessories.
  9154 | D:10     | Noticed a two-headed ogre
  9163 | D:10     | Killed a two-headed ogre
  9164 | D:10     | Reached skill level 5 in Dodging
  9164 | D:10     | Reached skill level 12 in Earth Magic
  9166 | D:10     | Reached XP level 11. HP: 53/74 MP: 6/18
  9603 | D:10     | Found a hazy altar of Hepliaklqana.
  9878 | D:11     | Noticed Maurice
  9888 | D:11     | Killed Maurice
  9889 | D:11     | Reached skill level 13 in Earth Magic
  9962 | D:11     | Noticed a two-headed ogre
  9966 | D:11     | Killed a two-headed ogre
 10198 | D:11     | Offered knowledge of Frozen Ramparts by Vehumet.
 10199 | D:11     | Reached skill level 1 in Evocations
 10336 | D:11     | Noticed Snorg
 10343 | D:11     | Killed Snorg
 10580 | D:11     | Noticed a two-headed ogre
 10585 | D:11     | Killed a two-headed ogre
 10586 | D:11     | Reached skill level 14 in Earth Magic
 10893 | D:11     | Noticed a tengu warrior
 10898 | D:11     | Learned a level 2 spell: Blink
 10910 | D:11     | Killed a tengu warrior
 11148 | D:11     | Reached *** piety under Vehumet
 11161 | D:11     | Identified the +3 great mace of Watchfulness {speed, rPois
                  | rN+ Will+ MP+9}
 11356 | D:11     | Found a staircase to the Orcish Mines.
 11618 | Lair:1   | Entered Level 1 of the Lair of Beasts
 11783 | Lair:1   | Reached skill level 5 in Evocations
 11784 | Lair:1   | Reached skill level 15 in Earth Magic
 11789 | Lair:1   | Identified the +1 halberd of Suicidal Tendencies {heavy,
                  | Will+ Str+2}
 11796 | Lair:1   | Reached XP level 12. HP: 57/80 MP: 12/19
 11936 | Lair:1   | Reached skill level 5 in Conjurations
 11981 | Lair:1   | Identified the +0 ring mail "Fecen" {Regen+ Slay+2 Stlth-}
 12169 | Lair:1   | Found the +4 skin of Zhor {*Englaciate rC+++ SInv}
 12262 | Lair:1   | Offered knowledge of Fulminant Prism by Vehumet.
 13141 | Lair:2   | Learned a level 4 spell: Fulminant Prism
 13147 | Lair:2   | Learned a level 5 spell: Arcjolt
 13162 | Lair:2   | Noticed a five-headed hydra
 13190 | Lair:2   | Killed a five-headed hydra
 13283 | Lair:2   | Reached skill level 10 in Conjurations
 13379 | Lair:2   | Found a transporter.
 13379 | Lair:2   | Noticed a boulder beetle
 13380 | Lair:2   | Found a transporter.
 13408 | Lair:2   | Reached **** piety under Vehumet
 13529 | Lair:2   | Noticed a four-headed hydra
 13536 | Lair:2   | Killed a four-headed hydra
 14184 | Lair:2   | Reached XP level 13. HP: 75/84 MP: 1/20
 14272 | Lair:2   | Offered knowledge of Dazzling Flash by Vehumet.
 14824 | Lair:3   | Found a blossoming altar of Fedhas.
 15153 | Lair:3   | Found a staircase to the Swamp.
 15359 | Lair:3   | Found a hole to the Spider Nest.
 15801 | Lair:4   | You fall into a shaft and drop 1 floor!
 15801 | Lair:5   | Entered Level 5 of the Lair of Beasts
 16385 | Lair:4   | Reached skill level 15 in Conjurations
 16890 | Lair:4   | Found a runed translucent gate.
 16890 | Lair:4   | Found a runed translucent gate.
 16890 | Lair:4   | Found a runed translucent gate.
 16890 | Lair:4   | Noticed an azure jelly
 16890 | Lair:4   | Noticed an azure jelly
 16890 | Lair:4   | Noticed an azure jelly
 16890 | Lair:4   | Noticed a quicksilver ooze
 16890 | Lair:4   | Noticed a rockslime
 16890 | Lair:4   | Noticed an azure jelly
 16891 | Lair:4   | Noticed an azure jelly
 16891 | Lair:4   | Noticed an acid blob
 16891 | Lair:4   | Noticed an acid blob
 16892 | Lair:4   | Noticed hikkokomori's ghost (journeyman VSFi)
 17088 | Lair:4   | Found a staircase to the Slime Pits.
 17160 | Lair:4   | Found a viscous altar of Jiyva.
 17409 | Lair:5   | Found a snail-covered altar of Cheibriados.
 17614 | Lair:5   | Found a runed translucent door.
 17615 | Lair:5   | Noticed a fire dragon
 17623 | Lair:5   | Reached ***** piety under Vehumet
 17869 | Lair:5   | Offered knowledge of Fireball by Vehumet.
 18228 | Lair:5   | Gained mutation: Your large and strong wings let you fly.
                  | [Gargoyle growth]
 18228 | Lair:5   | Reached XP level 14. HP: 90/90 MP: 11/21
 19097 | Lair:5   | Learned a level 5 spell: Fireball
 19220 | Lair:5   | Reached skill level 16 in Earth Magic
 21875 | D:12     | Reached skill level 17 in Earth Magic
 23571 | D:14     | Reached XP level 15. HP: 94/94 MP: 15/27
 23763 | D:14     | Offered knowledge of Iron Shot by Vehumet.
 23771 | D:14     | Learned a level 6 spell: Iron Shot
 24016 | D:14     | Found a gate to the Vaults.
 24159 | D:14     | Identified a scroll of acquirement
 24159 | D:14     | Acquired a book of Power
 24179 | D:14     | Reached skill level 10 in Spellcasting
 24550 | D:15     | Entered Level 15 of the Dungeon
 25353 | D:15     | Found a staircase to the Depths.
 25506 | D:15     | Identified the +2 ring mail "Trusted Companion" {Harm Will+
                  | Int+7 Dex-2}
 26157 | Orc:1    | Entered Level 1 of the Orcish Mines
 26364 | Orc:1    | Found a runed translucent door.
 26367 | Orc:1    | Noticed a balrug
 26444 | Orc:1    | Found Rymmo's Distillery.
 26447 | Orc:1    | Bought a potion of brilliance for 48 gold pieces
 26447 | Orc:1    | Bought a potion of heal wounds for 60 gold pieces
 26447 | Orc:1    | Bought 2 potions of magic for 192 gold pieces
 26447 | Orc:1    | Bought a potion of mutation for 96 gold pieces
 26447 | Orc:1    | Bought a potion of heal wounds for 60 gold pieces
 26447 | Orc:1    | Bought a potion of magic for 96 gold pieces
 26519 | Orc:1    | Found a runed translucent door.
 27249 | Orc:2    | Entered Level 2 of the Orcish Mines
 27534 | Orc:2    | Reached ****** piety under Vehumet
 27564 | Orc:2    | Found a staircase to the Elven Halls.
 27663 | Orc:2    | Offered knowledge of Conjure Ball Lightning by Vehumet.
 27752 | Orc:2    | Noticed an orc warlord
 27757 | Orc:2    | Killed an orc warlord
 27927 | Orc:2    | Found Iweesete's Jewellery Boutique.
 28423 | Orc:2    | Found Xuyphihi's Magic Scroll Shop.
 28428 | Orc:2    | Bought a scroll of identify for 32 gold pieces
 28428 | Orc:2    | Bought a scroll of identify for 32 gold pieces
 28536 | Orc:2    | Noticed an orc warlord
 28667 | Orc:1    | Killed an orc warlord
 28668 | Orc:1    | Reached XP level 16. HP: 64/100 MP: 8/33
 29015 | Orc:2    | Found Kineippa's Antique Armour Shoppe.
 29017 | Orc:2    | Found Coing's Antique Weapon Emporium.
 29030 | Orc:2    | Bought a pair of spiked gloves for 247 gold pieces
 29030 | Orc:2    | Identified the +1 pair of gloves "Duengar" {Regen+} (You
                  | bought it in a shop on level 2 of the Orcish Mines)
 29030 | Orc:2    | Bought an embroidered cloak for 195 gold pieces
 29497 | Spider:1 | Entered Level 1 of the Spider Nest
 29671 | Spider:1 | Noticed Jorgrun
 29702 | Spider:1 | Killed Jorgrun
 29702 | Spider:1 | Offered knowledge of Irradiate by Vehumet.
 30373 | Spider:2 | Noticed Kirke
 30405 | Spider:1 | Killed Kirke
 30723 | Spider:2 | Learned a level 5 spell: Irradiate
 31016 | Spider:2 | Reached skill level 1 in Shields
 32514 | Spider:3 | Noticed Agnes
 32518 | Spider:3 | Killed Agnes
 32605 | Spider:3 | Reached skill level 5 in Shields
 32879 | Spider:3 | Offered knowledge of Freezing Cloud by Vehumet.
 32915 | Spider:3 | Reached skill level 1 in Summonings
 33174 | Spider:3 | Noticed Aizul
 33328 | Spider:3 | Killed Aizul
 33329 | Spider:3 | Reached XP level 17. HP: 109/110 MP: 4/35
 33357 | Spider:3 | Identified the +1 pair of gloves "Oshorur" {rPois Str+2}
 33357 | Spider:3 | Noticed Nikola
 34085 | Spider:3 | Noticed Arachne
 34098 | Spider:3 | Killed Arachne
 34270 | Spider:3 | Identified the +9 long sword of the Exiled Tables {spect,
                  | Str+2 Dex+3}
 34290 | Spider:3 | Killed Nikola
 34636 | Spider:4 | Entered Level 4 of the Spider Nest
 35223 | Spider:4 | Reached skill level 5 in Summonings
 36080 | Spider:4 | Reached skill level 15 in Fighting
 36590 | Spider:4 | Offered knowledge of Eringya's Noxious Bog by Vehumet.
 38406 | Spider:4 | Identified the +1 hat "Gegasor" {*Corrode rN++}
 38409 | Spider:4 | Got a gossamer rune of Zot
 38686 | Swamp:1  | Entered Level 1 of the Swamp
 38694 | Swamp:1  | Noticed Mlioglotl
 38706 | Swamp:1  | Paralysed by accursed screaming for 1 turns
 38707 | Swamp:1  | Killed Mlioglotl
 39483 | Swamp:1  | Reached XP level 18. HP: 108/124 MP: 33/36
 40709 | Swamp:1  | Reached skill level 15 in Spellcasting
 41015 | Swamp:2  | Upgraded the game from 0.30-a0-719-gcc4359ea44 to
                  | 0.30-a0-722-g3e6e8c874d
 41165 | Swamp:2  | Offered knowledge of Lehudib's Crystal Spear by Vehumet.
 41169 | Swamp:2  | Reached skill level 18 in Earth Magic
 41271 | Swamp:2  | Learned a level 8 spell: Lehudib's Crystal Spear
 41808 | Swamp:2  | Found a runed translucent gate.
 41808 | Swamp:2  | Found a runed translucent gate.
 41808 | Swamp:2  | Found a runed translucent gate.
 41809 | Swamp:2  | Noticed Goud's ghost (adept BaIE)
 41809 | Swamp:2  | Noticed Naurph's ghost (adept DjVM)
 41810 | Swamp:2  | Noticed Fefob's ghost (adept TeWn)
 42718 | Swamp:3  | Identified the +1 pair of gloves of the Fiddle {rN+}
 43080 | Swamp:4  | Entered Level 4 of the Swamp
 43818 | Swamp:4  | Reached XP level 19. HP: 130/130 MP: 21/38
 44132 | Swamp:4  | Noticed a tentacled monstrosity
 44846 | Swamp:4  | Killed a tentacled monstrosity
 45142 | Swamp:4  | Noticed a tentacled monstrosity
 45146 | Swamp:4  | Killed a tentacled monstrosity
 45524 | Swamp:4  | Got a decaying rune of Zot
 46117 | Vaults:1 | Entered Level 1 of the Vaults
 46299 | Vaults:1 | Offered knowledge of Fire Storm by Vehumet.
 46299 | Vaults:1 | Offered knowledge of Shatter by Vehumet.
 46299 | Vaults:1 | Offered knowledge of Chain Lightning by Vehumet.
 47440 | Vaults:1 | Reached XP level 20. HP: 110/136 MP: 7/41
 48727 | Vaults:2 | Found Ykuficha's Antique Weapon Emporium.
 48855 | Vaults:2 | Found Vebojid's Distillery.
 48922 | Vaults:2 | Bought a potion of heal wounds for 90 gold pieces
 48922 | Vaults:2 | Bought a potion of might for 72 gold pieces
 49212 | Vaults:2 | Identified the +4 ring mail of Twilight {Harm rN+++ Str+2
                  | Int-4}
 49870 | Vaults:2 | Found Lits's Book Emporium.
 50908 | Vaults:2 | Found a staircase to the Crypt.
 50908 | Vaults:2 | Found an ancient bone altar of Kikubaaqudgha.
 50909 | Vaults:2 | Found a basalt altar of Yredelemnul.
 51678 | Vaults:3 | Identified the +1 cloak "Dopner" {Int+2}
 51684 | Vaults:3 | Found Lyutev's Assorted Antiques.
 51697 | Vaults:3 | Bought a potion of heal wounds for 170 gold pieces
 52173 | Vaults:3 | Identified the +3 robe of Lust {Will+ Int+3}
 52343 | Vaults:3 | Learned a level 7 spell: Spellforged Servitor
 53122 | Vaults:4 | Reached XP level 21. HP: 141/141 MP: 23/43
 53374 | Vaults:4 | Reached skill level 19 in Earth Magic
 54731 | Vaults:4 | Learned a level 9 spell: Shatter
 55083 | Depths:1 | Entered Level 1 of the Depths
 55530 | Depths:1 | Found a gateway to Hell.
 55795 | Depths:1 | Reached skill level 20 in Earth Magic
 56419 | Depths:1 | Paralysed by a floating eye for 4 turns
 56428 | Depths:1 | Paralysed by a floating eye for 4 turns
 56440 | Depths:1 | Paralysed by a floating eye for 4 turns
 56625 | Depths:1 | Found a one-way gate leading to the halls of Pandemonium.
 56727 | Depths:1 | Found Acroe's Antique Weapon Shop.
 56727 | Depths:1 | Found Touxaafo's Armour Boutique.
 56728 | Depths:1 | Found Duze's Jewellery Shop.
 56762 | Depths:1 | Found Luhim's General Store.
 56955 | Depths:2 | Found a one-way gateway to a ziggurat.
 57099 | Depths:2 | Reached skill level 21 in Earth Magic
 57540 | Depths:2 | Noticed a golden dragon
 57604 | Depths:2 | Killed a golden dragon
 58303 | Depths:2 | Reached XP level 22. HP: 147/147 MP: 30/45
 58326 | Depths:2 | Reached skill level 22 in Earth Magic
 59140 | Depths:2 | Found an ancient bone altar of Kikubaaqudgha.
 59168 | Depths:2 | Reached skill level 23 in Earth Magic
 60407 | Depths:3 | Reached skill level 24 in Earth Magic
 60458 | Depths:3 | Noticed a juggernaut
 60459 | Depths:3 | Noticed a juggernaut
 60732 | Depths:3 | Killed a juggernaut
 61718 | Depths:3 | Found a one-way gate to the infinite horrors of the Abyss.
 62233 | Depths:4 | Entered Level 4 of the Depths
 62253 | Depths:4 | Reached skill level 25 in Earth Magic
 62582 | Depths:4 | Found Ubesijec's Weapon Emporium.
 63108 | Depths:4 | Reached XP level 23. HP: 150/152 MP: 16/46
 63396 | Depths:4 | Noticed a golden dragon
 63568 | Depths:4 | Killed a golden dragon
 63658 | Depths:4 | Found a gate to the Realm of Zot.
 63818 | Depths:4 | Gained mutation: You do not regenerate when monsters are
                  | visible. [a cacodemon]
 64005 | Depths:3 | Reached skill level 26 in Earth Magic
 64590 | Depths:4 | Gained mutation: You are occasionally teleported next to
                  | monsters. [a neqoxec]
 64592 | Depths:3 | Lost mutation: You do not regenerate when monsters are
                  | visible. [potion of mutation]
 64592 | Depths:3 | Lost mutation: You are occasionally teleported next to
                  | monsters. [potion of mutation]
 64592 | Depths:3 | Gained mutation: You have a pair of small antennae on your
                  | head. [potion of mutation]
 64592 | Depths:3 | Gained mutation: You sometimes lose your temper in combat.
                  | [potion of mutation]
 64592 | Depths:3 | Gained mutation: You have an uncontrollable temper. [potion
                  | of mutation]
 64592 | Depths:3 | Gained mutation: You have large cloven feet. [potion of
                  | mutation]
 64593 | Depths:3 | Lost mutation: You have a pair of small antennae on your
                  | head. [potion of mutation]
 64593 | Depths:3 | Lost mutation: You have large cloven feet. [potion of
                  | mutation]
 64593 | Depths:3 | Lost mutation: You have an uncontrollable temper. [potion
                  | of mutation]
 64593 | Depths:3 | Gained mutation: Your flesh is heat resistant. (rF+)
                  | [potion of mutation]
 64593 | Depths:3 | Gained mutation: You are dopey. (Int -2) [potion of
                  | mutation]
 64593 | Depths:3 | Gained mutation: Armour fits poorly on your strangely
                  | shaped body. [potion of mutation]
 64593 | Depths:3 | Gained mutation: You have large cloven feet. [potion of
                  | mutation]
 64594 | Depths:3 | Lost mutation: Your flesh is heat resistant. (rF+) [potion
                  | of mutation]
 64594 | Depths:3 | Lost mutation: You sometimes lose your temper in combat.
                  | [potion of mutation]
 64594 | Depths:3 | Lost mutation: Armour fits poorly on your strangely shaped
                  | body. [potion of mutation]
 64594 | Depths:3 | Gained mutation: You expend magic power (3 MP) to
                  | strengthen your wands. [potion of mutation]
 64699 | Depths:4 | Gained mutation: You have hidden genetic defects. [a
                  | neqoxec]
 65573 | Depths:4 | Lost mutation: You have hidden genetic defects. [potion of
                  | mutation]
 65573 | Depths:4 | Lost mutation: You have large cloven feet. [potion of
                  | mutation]
 65573 | Depths:4 | Gained mutation: You occasionally lose the ability to read
                  | scrolls when taking damage. [potion of mutation]
 65573 | Depths:4 | Gained mutation: You are agile. (Dex +4, Str/Int -1)
                  | [potion of mutation]
 65574 | Depths:4 | Lost mutation: You occasionally lose the ability to read
                  | scrolls when taking damage. [potion of mutation]
 65574 | Depths:4 | Lost mutation: You expend magic power (3 MP) to strengthen
                  | your wands. [potion of mutation]
 65574 | Depths:4 | Gained mutation: You are partially covered in iridescent
                  | scales. (AC +2) [potion of mutation]
 65574 | Depths:4 | Gained mutation: Your magical capacity is low. (-10% MP)
                  | [potion of mutation]
 65914 | Vaults:5 | Entered Level 5 of the Vaults
 65917 | Vaults:5 | Reached skill level 27 in Earth Magic
 65919 | Vaults:5 | Noticed a golden dragon
 65926 | Vaults:5 | Killed a golden dragon
 65931 | Vaults:5 | Noticed a golden dragon
 66089 | Vaults:5 | Killed a golden dragon
 66253 | Vaults:5 | Noticed a dread lich
 66384 | Vaults:5 | Killed a dread lich
 66393 | Vaults:5 | Identified the +1 plate armour "Joecerpho" {rF++ Str+2
                  | Int+3}
 66528 | Vaults:5 | Reached XP level 24. HP: 127/157 MP: 32/41
 67426 | Vaults:5 | Found the +5 robe of Night {Dark Will+ SInv}
 67449 | Vaults:5 | Identified the ring "Affimn" {Ice rPois}
 67456 | Vaults:5 | Got the Spellbook of the Throng
 67578 | Vaults:5 | Got a silver rune of Zot
 68236 | Vaults:5 | Identified the +1 ring mail of Boredom {Int+5}
 68824 | Zot:1    | Entered Level 1 of the Realm of Zot
 68848 | Zot:1    | Found a transporter.
 69710 | Zot:1    | You are sucked into a shaft and drop 1 floor!
 69812 | Zot:2    | Noticed an orb of fire
 69827 | Zot:2    | Killed an orb of fire
 69850 | Zot:2    | Reached skill level 10 in Evocations
 71053 | Zot:1    | Found a transporter.
 72531 | Zot:2    | Reached skill level 1 in Throwing
 73298 | Zot:2    | Reached XP level 25. HP: 163/163 MP: 14/41
 73405 | Zot:3    | Reached skill level 5 in Throwing
 76785 | Zot:4    | Reached skill level 10 in Throwing
 78510 | Zot:5    | Entered Level 5 of the Realm of Zot
 79383 | Zot:5    | Noticed an ancient lich
 79406 | Zot:5    | Killed an ancient lich
 79530 | Zot:5    | Noticed a Killer Klown
 79538 | Zot:5    | Killed a Killer Klown
 79759 | Zot:5    | Noticed a Killer Klown
 79765 | Abyss:3  | Cast into level 3 of the Abyss (Killer Klown)
 79862 | Abyss:3  | Found a corrupted altar of Lugonu.
 79876 | Abyss:3  | Reached XP level 26. HP: 165/168 MP: 8/42
 79934 | Abyss:3  | Found a corrupted altar of Lugonu.
 80257 | Zot:5    | Escaped the Abyss
 80272 | Zot:5    | Killed a Killer Klown
 80485 | Zot:5    | Noticed an orb of fire
 80500 | Zot:5    | Killed an orb of fire
 80720 | Zot:5    | Noticed a Killer Klown
 80739 | Zot:5    | Killed a Killer Klown
 81120 | Zot:5    | Noticed an orb of fire
 81120 | Zot:5    | Noticed a Killer Klown
 81120 | Zot:5    | Noticed a Killer Klown
 81120 | Zot:5    | Noticed an orb of fire
 81121 | Zot:5    | Gained mutation: You are occasionally teleported next to
                  | monsters. [an orb of fire]
 81122 | Zot:5    | Got the Orb of Zot
 81123 | Zot:5    | Noticed a Killer Klown
 81123 | Zot:5    | Noticed a Killer Klown
 81123 | Zot:5    | Noticed a dread lich
 81159 | Zot:5    | Noticed an orb of fire
 81658 | D:1      | Lost mutation: You are occasionally teleported next to
                  | monsters. [potion of mutation]
 81658 | D:1      | Lost mutation: You are partially covered in iridescent
                  | scales. (AC +2) [potion of mutation]
 81658 | D:1      | Lost mutation: You are dopey. (Int -2) [potion of mutation]
 81658 | D:1      | Gained mutation: You sometimes lose your temper in combat.
                  | [potion of mutation]
 81658 | D:1      | Gained mutation: You occasionally lose the ability to drink
                  | potions when taking damage. [potion of mutation]
 81658 | D:1      | Gained mutation: You have a pair of small antennae on your
                  | head. [potion of mutation]
 81658 | D:1      | Gained mutation: You have sharp toenails. [potion of
                  | mutation]
 81659 | D:1      | Lost mutation: You occasionally lose the ability to drink
                  | potions when taking damage. [potion of mutation]
 81659 | D:1      | Lost mutation: You have sharp toenails. [potion of
                  | mutation]
 81659 | D:1      | Lost mutation: You sometimes lose your temper in combat.
                  | [potion of mutation]
 81659 | D:1      | Gained mutation: You are dopey. (Int -2) [potion of
                  | mutation]
 81659 | D:1      | Gained mutation: You occasionally lose the ability to drink
                  | potions when taking damage. [potion of mutation]
 81660 | D:1      | Lost mutation: You have a pair of small antennae on your
                  | head. [potion of mutation]
 81660 | D:1      | Lost mutation: You are agile. (Dex +4, Str/Int -1) [potion
                  | of mutation]
 81660 | D:1      | Lost mutation: You occasionally lose the ability to drink
                  | potions when taking damage. [potion of mutation]
 81660 | D:1      | Lost mutation: Your magical capacity is low. (-10% MP)
                  | [potion of mutation]
 81660 | D:1      | Gained mutation: Your flesh is heat resistant. (rF+)
                  | [potion of mutation]
 81660 | D:1      | Gained mutation: Your muscles are strong. (Str +4, Int/Dex
                  | -1) [potion of mutation]
 81661 | D:1      | Lost mutation: Your muscles are strong. (Str +4, Int/Dex
                  | -1) [potion of mutation]
 81661 | D:1      | Lost mutation: Your flesh is heat resistant. (rF+) [potion
                  | of mutation]
 81661 | D:1      | Lost mutation: You are dopey. (Int -2) [potion of mutation]
 81661 | D:1      | Gained mutation: You expend magic power (3 MP) to
                  | strengthen your wands. [potion of mutation]
 81661 | D:1      | Gained mutation: Your body sometimes deteriorates upon
                  | taking damage. [potion of mutation]
 81662 | D:1      | Lost mutation: You expend magic power (3 MP) to strengthen
                  | your wands. [potion of mutation]
 81662 | D:1      | Lost mutation: Your body sometimes deteriorates upon taking
                  | damage. [potion of mutation]
 81662 | D:1      | Gained mutation: You are vulnerable to heat. (rF-) [potion
                  | of mutation]
 81663 | D:1      | Lost mutation: You are vulnerable to heat. (rF-) [potion of
                  | mutation]
 81663 | D:1      | Gained mutation: You are strong-willed. (Will+) [potion of
                  | mutation]
 81663 | D:1      | Gained mutation: You expend magic power (3 MP) to
                  | strengthen your wands. [potion of mutation]
 81663 | D:1      | Gained mutation: You are partially covered in iridescent
                  | scales. (AC +2) [potion of mutation]
 81664 | D:1      | Lost mutation: You are partially covered in iridescent
                  | scales. (AC +2) [potion of mutation]
 81664 | D:1      | Lost mutation: You are strong-willed. (Will+) [potion of
                  | mutation]
 81664 | D:1      | Lost mutation: You expend magic power (3 MP) to strengthen
                  | your wands. [potion of mutation]
 81664 | D:1      | Gained mutation: Your magical capacity is low. (-10% MP)
                  | [potion of mutation]
 81664 | D:1      | Gained mutation: Your mind is acute. (Int +4, Str/Dex -1)
                  | [potion of mutation]
 81664 | D:1      | Gained mutation: You are agile. (Dex +4, Str/Int -1)
                  | [potion of mutation]
 81665 | D:1      | Lost mutation: You are agile. (Dex +4, Str/Int -1) [potion
                  | of mutation]
 81665 | D:1      | Lost mutation: Your magical capacity is low. (-10% MP)
                  | [potion of mutation]
 81665 | D:1      | Gained mutation: You are frail. (-10% HP) [potion of
                  | mutation]
 81665 | D:1      | Gained mutation: You have sharp toenails. [potion of
                  | mutation]
 81666 | D:1      | Lost mutation: Your mind is acute. (Int +4, Str/Dex -1)
                  | [potion of mutation]
 81666 | D:1      | Lost mutation: You are frail. (-10% HP) [potion of
                  | mutation]
 81666 | D:1      | Gained mutation: You have hidden genetic potential. [potion
                  | of mutation]
 81666 | D:1      | Gained mutation: You have a pair of small horns on your
                  | head. [potion of mutation]
 81667 | D:1      | Lost mutation: You have a pair of small horns on your head.
                  | [potion of mutation]
 81667 | D:1      | Lost mutation: You have sharp toenails. [potion of
                  | mutation]
 81667 | D:1      | Lost mutation: You have hidden genetic potential. [potion
                  | of mutation]
 81667 | D:1      | Gained mutation: Your muscles are strong. (Str +4, Int/Dex
                  | -1) [potion of mutation]
 81667 | D:1      | Gained mutation: You are robust. (+10% HP) [potion of
                  | mutation]
 81667 | D:1      | Gained mutation: Your magical capacity is low. (-10% MP)
                  | [potion of mutation]
 81667 | D:1      | Gained mutation: You possess an exceptional clarity of
                  | mind. [potion of mutation]
 81669 | D:$      | Escaped with the Orb!

Illustrated notes

Levels and vault maps discovered:
D:1:      dpeg_arrival_solitude, layout_basic, serial_corexii_hall,
          corexii_hall_statues_s, corexii_hall_statues_i,
          corexii_hall_statues_s, corexii_hall_statues_x, nrook_loot_triangle
D:2:      layout_rooms
D:3:      layout_rooms, kennysheep_okawaru_gauntlet,
          lemuel_coloured_pillars_altar, grunt_ministairs_9, minmay_bisected,
          uniq_crazy_yiuf_cottage, uniq_sigmund
D:4:      layout_loops_ring, ebering_ghost_sewer_d, uniq_robin
D:5:      layout_basic, nrook_campfire
D:6:      layout_rooms, gammafunk_temple_overflow_forgotten
D:7:      layout_rooms, nicolae_tso_swordbearing_angel,
          lemuel_mausoleum_altar_yredelemnul, minmay_temple_entry_tees,
          feat_on_display, uniq_maggie
D:8:      layout_basic, lemuel_round_altar, erik_lair_orcish_takeover,
          eino_small_chamber_without_monster
D:9:      layout_irregular_city, mainiacjoe_overflow_paths
D:10:     layout_roguey, mainiacjoe_overflow_alcove_4, nicolae_elemental_shop,
          amcnicky_mini_rare_corridor_liquid, st_stairs_10,
          kennysheep_small_square
D:11:     layout_stronghold, david_orc_4, uniq_maurice, uniq_snorg
D:12:     layout_loops_ring, minmay_splitting_lines
D:13:     layout_gridville
D:14:     layout_long_grid, grunt_vaults_entry_tiered, serial_rivers,
          chequers_serial_rivers_micro_b, chequers_serial_rivers_small_a,
          chequers_serial_rivers_micro_a, chequers_serial_rivers_micro_c
D:15:     gammafunk_depths_entry_grave, layout_basic, hangedman_aviary
Temple:   minmay_temple_bridge_abc
Lair:1:   layout_chaotic_city, gauntlet_entry_generic,
          hellmonk_guarded_unrand_zhor
Lair:2:   gammafunk_boulding_lane, layout_cave_pods, minmay_lair_oklob_bushes,
          minmay_lindwurm_lava, grunt_megastairs_1, infiniplex_staircase_pool_2
Lair:3:   layout_cave_shapes, skrybe_swamp_entry_bodies,
          hellmonk_spider_entry_not_the_bees, chequers_serial_rivers_large_a,
          tgw_fedhas
Lair:4:   layout_hall_layers, slime_entry_1, gammafunk_ghost_ooze,
          patterned_corridor
Lair:5:   hangedman_lair_caniforms_friends, layout_regular_city, wormcave,
          kennysheep_snail_temple, infiniplex_staircase_pool
Swamp:1:  nicolae_swamp_flooded_prison, layout_basic_swamp,
          evilmike_swamp_ruin_house_2, uniq_mlioglotl
Swamp:2:  layout_basic_swamp, gammafunk_ghost_cemetery,
          nicolae_swamp_well_well_well
Swamp:3:  cheibrodos_swamp_tower_of_moss, layout_falls_marsh,
          nicolae_swamp_decorative_isthmus, swamp_pool2
Swamp:4:  nzn_swamp_witches_coven, layout_basic_swamp
Spider:1: layout_spider_delve, nicolae_spider_nook, uniq_jorgrun
Spider:2: layout_chambers, drop_trap, nicolae_spider_wall_of_niches, uniq_kirke
Spider:3: nicolae_spider_jumping_over_cracks
          [nicolae_spider_jumping_sub_shuffled,
          nicolae_spider_jumping_sub_pools, nicolae_spider_jumping_sub_no_exit,
          nicolae_spider_jumping_sub_lake], special_room [special_room_bee],
          nicolae_spider_circle_web, uniq_nikola, uniq_agnes, uniq_arachne,
          uniq_aizul
Spider:4: grunt_spider_rune_circles, spiders_nest_hornet_nest
Orc:1:    dreamdust_dug_too_deep, layout_diamond_mine, serial_shops,
          nicolae_shop_behind_doors, lightli_church_of_beogh
Orc:2:    grunt_orc_community_town_hall, layout_diamond_mine,
          grunt_orc_community_big_house_1, grunt_orc_community_big_house_2,
          grunt_orc_community_house_1, grunt_orc_community_house_1,
          grunt_orc_community_house_1, grunt_orc_community_house_3,
          grunt_orc_community_house_1, minmay_orc_barracks
Vaults:1: vaults_room_corners, v_misc_3, vaults_dpeg_spiral,
          grunt_vaults_hallway_long, nicolae_vaults_network_s,
          vaults_room_door_ring, hangedman_vaults_river_flow,
          nicolae_vaults_shelves_hall, ontoclasm_vaults_ring_large,
          layout_vaults_maze_snakey
Vaults:2: vaults_standard_mumra_x, hangedman_vaults_unwind,
          grunt_vaults_hallway_short, minmay_crypt_entry_necro_gods,
          ontoclasm_vaults_pinch, nicolae_vaults_stairing_the_circle,
          nicolae_vaults_border_crossing, nicolae_vaults_rhombus_7,
          layout_vaults_omnigrid, serial_shops, nicolae_shop_crystal,
          nicolae_shop_crystal, nicolae_shop_statue_plus
Vaults:3: nicolae_vaults_mini_display_case, v_misc_1, v_misc_15,
          vaults_room_large_hall, grunt_vaults_swirl,
          nicolae_vaults_little_squares_6, hangedman_vaults_maws,
          hangedman_vaults_pinch, v_misc_5, vaults_room_large_hall, v_misc_19,
          vaults_mumra_chevron_long, layout_vaults_omnibox, serial_shops,
          nicolae_shop_statue_plus
Vaults:4: nicolae_vaults_what_the_h, nicolae_vaults_theta, v_misc_3,
          hangedman_vaults_hat, v_alt_pattern_2, v_misc_26, v_pattern_3,
          nicolae_vaults_asterisk, vaults_room_octagon, v_misc_13,
          ontoclasm_vaults_gateway, nicolae_vaults_specimen_jars,
          layout_vaults_omnicross
Vaults:5
Depths:1: layout_gridlike, hell_entry, kennysheep_small_spiral, pan_entry,
          hangedman_eye_storm, serial_bayou_shore_a, minmay_shoptagon
Depths:2: minmay_complete_graph, layout_honeycomb, enter_ziggurat_a,
          grunt_pan_entry_zigzag, lemuel_tele_altar, pf_hell_entry_tar_spiral
Depths:3: nicolae_hexawheel, layout_gridville, hell_entry, abyss_entry_crystal,
          nrook_mini_backslash, infiniplex_staircase_zigzag_3
Depths:4: grunt_zot_entry_alcove, layout_cave_shapes, serial_shops,
          nicolae_shop_bloodbath_and_beyond, grunt_hell_entry_demonic_statue,
          abyss_entry, solitary_fountain, pan_entry
Zot:1:    layout_basic, nicolae_diode_stairs
Zot:2:    layout_basic, st_small_dragon_hoard_5, bh_zot_ikea_curve,
          lemuel_lake_of_fire
Zot:3:    layout_gridville, guppyfry_library_mini
Zot:4:    lemuel_draconian_sentries, layout_cellular_growth
Zot:5:    layout_twisted_circle

Skill      XL: |  1  2  3  4  5  6  7  8  9 10 11 12 13 14 15 16 17 18 19 20 21 22 23 24 25 26 |
---------------+-------------------------------------------------------------------------------+-----
Earth Magic    | 4 5 7 9 10 12 15 17 18 21 25 27 | 27.0
Spellcasting   | 3 4 5 8 13 14 15 17 18 19 20 | 20.4
Conjurations   | 3 4 12 16 17 18 20 21 22 24 25 | 25.7
Fighting       | 6 10 11 13 17 18 | 18.0
Dodging        | 5 6 8 |  8.0
Evocations     | 5 8 10 | 10.0
Shields        | 5 |  5.0
Summonings     | 2 5 |  5.0
Throwing       | 4 10 | 10.0
Stealth        | |  2.1
Transmutations | |  0.7

Action                     |  1- 3 |  4- 6 |  7- 9 | 10-12 | 13-15 | 16-18 | 19-21 | 22-24 | 25-27 || total
---------------------------+-------+-------+-------+-------+-------+-------+-------+-------+-------++-------
  Melee: Spear             |     1 |       |       |       |       |       |       |       |       ||     1
         Trident           |       |     4 |    38 |    18 |   255 |   326 |   231 |   313 |   124 ||  1309
         Punch             |       |       |       |       |     3 |       |       |       |       ||     3
   Fire: Sling             |     5 |    43 |       |       |       |       |       |       |       ||    48
  Throw: Javelin           |       |       |       |       |       |       |       |       |     2 ||     2
   Cast: Sandblast         |    39 |    22 |   103 |   268 |   549 |   437 |   246 |    57 |     3 ||  1724
         Stone Arrow       |       |     4 |    21 |    91 |   253 |    42 |    22 |     9 |    20 ||   462
         Passwall          |       |     1 |       |     1 |       |     2 |       |     2 |     3 ||     9
         Arcjolt           |       |       |       |       |    53 |    31 |   110 |    51 |     6 ||   251
         Fulminant Prism   |       |       |       |       |     4 |     2 |     1 |     2 |       ||     9
         Blink             |       |       |       |       |     3 |       |       |     2 |       ||     5
         Fireball          |       |       |       |       |     1 |     1 |     8 |     3 |     1 ||    14
         Iron Shot         |       |       |       |       |    47 |   304 |   354 |   414 |   178 ||  1297
         Irradiate         |       |       |       |       |       |    55 |    25 |    33 |    20 ||   133
         Lehudib's Crystal |       |       |       |       |       |       |     7 |    15 |    43 ||    65
         Spellforged Servi |       |       |       |       |       |       |     2 |    10 |    24 ||    36
         Shatter           |       |       |       |       |       |       |       |    52 |    12 ||    64
  Evoke: Wand              |       |       |       |     1 |     6 |     2 |       |     4 |     6 ||    19
         Tin of tremorston |       |       |       |       |       |       |     1 |       |       ||     1
    Use: Scroll            |       |     5 |     1 |     8 |    16 |     5 |     2 |     2 |     4 ||    43
         Potion            |       |       |       |       |     1 |     2 |       |     8 |    22 ||    33
   Stab: Sleeping          |     1 |     1 |     1 |       |     1 |       |       |       |       ||     4
         Distracted        |       |       |       |       |       |     1 |       |       |       ||     1
 Armour: Robe              |     5 |     7 |    35 |       |       |       |       |       |       ||    47
         Steam dragon scal |       |       |    27 |   112 |   338 |       |       |       |       ||   477
         Animal skin       |       |       |       |       |   214 |   727 |   445 |   551 |   194 ||  2131
  Dodge: Dodged            |     9 |    23 |    71 |   165 |   511 |   483 |   272 |   393 |   185 ||  2112
  Block: Kite shield       |       |       |       |       |       |   384 |   300 |   362 |   136 ||  1182

Table legend: (Time is in decaauts)
 A = Elapsed time spent in this place.
 B = Non-inter-level travel time spent in this place.
 C = Inter-level travel time spent in this place.
 D = Time resting spent in this place.
 E = Time spent auto-exploring this place.
 F = Levels seen in this place.
 G = Mean time per level.
                   A        B        C        D        E       F      G
               +--------+--------+--------+--------+--------+-----+--------+
         Total |  83377 |  79579 |   3798 |  26220 |  39688 |  46 | 1812.5 |
       Dungeon |  18012 |  16457 |   1555 |   3055 |  10686 |  15 | 1200.8 |
        Temple |    192 |    192 |      0 |      0 |    157 |   1 |  192.0 |
          Lair |  10171 |   9565 |    606 |   2558 |   5109 |   5 | 2034.2 |
         Swamp |   7000 |   6902 |     98 |   2425 |   3256 |   4 | 1750.0 |
   Spider Nest |   9427 |   9283 |    144 |   3240 |   4205 |   4 | 2356.8 |
  Orcish Mines |   2984 |   2822 |    162 |    559 |   1646 |   2 | 1492.0 |
        Vaults |  11928 |  11356 |    572 |   3423 |   6334 |   5 | 2385.6 |
        Depths |  11172 |  10700 |    472 |   4279 |   4701 |   4 | 2793.0 |
           Zot |  11951 |  11765 |    186 |   6370 |   3592 |   5 | 2390.2 |
         Abyss |    536 |    536 |      0 |    308 |      1 |   1 |  536.0 |
               +--------+--------+--------+--------+--------+-----+--------+

Top non-repeatable levels by time:
Depths:3: 3771 daAuts
   Zot:3: 3525 daAuts
  Lair:5: 3487 daAuts
Spider:4: 3200 daAuts
Vaults:4: 3159 daAuts
Vaults:2: 2888 daAuts
Depths:1: 2812 daAuts
Spider:3: 2697 daAuts
Depths:2: 2582 daAuts
Vaults:1: 2410 daAuts
Spider:2: 2389 daAuts
  Lair:2: 2318 daAuts
   Zot:1: 2301 daAuts
   Zot:2: 2281 daAuts
   Zot:5: 2163 daAuts
